| TOP OF THE 1ST |
|
Lehigh Valley IronPigs batting - Pitching for Indianapolis Indians : RHP Curt Campbell
|
|
Pitching: RHP Curt Campbell
|
|
|
Batting: LHB Theodore Conboy
|
0-0: Swinging Strike 0-1: Swinging Strike 0-2: Foul Ball, location: 2F 0-2: Ball 1-2: Foul Ball, location: 2F 1-2: Strikes out looking
|
|
Batting: RHB Alberto Ramirez
|
0-0: Called Strike 0-1: Foul Ball, location: 2F 0-2: Ball 1-2: Strikes out looking
|
|
Batting: RHB Carlos Morejon
|
0-0: Ball 1-0: Swinging Strike 1-1: Ball 2-1: Swinging Strike 2-2: Strikes out looking
|
| Top of the 1st over - 0 runs, 0 hits, 0 errors, 0 left on base; Lehigh Valley 0 - Indianapolis 0 |
| BOTTOM OF THE 1ST |
|
Indianapolis Indians batting - Pitching for Lehigh Valley IronPigs : RHP Marcos Tapia
|
|
Pitching: RHP Marcos Tapia
|
|
|
Batting: RHB Jason Gee
|
0-0: SINGLE (Line Drive, 6D, EV 97.5 MPH)
|
|
Batting: RHB Bubba Tierney
|
0-0: Ball 1-0: Called Strike 1-1: SINGLE (Flyball, 5D, EV 91.9 MPH) Jason Gee to second
|
|
Batting: LHB Edwin Aguilar
|
0-0: Called Strike 0-1: Ball 1-1: Ball 2-1: Reached on error, E4 (Groundball, 4S, EV 88.1 MPH) Jason Gee to third Bubba Tierney to second
|
|
Batting: LHB Alberto Figueroa
|
0-0: Ball 1-0: Ball 2-0: Fielders Choice at 2nd, 3-6 (Groundball, 13, EV 85.0 MPH) Jason Gee scores Bubba Tierney to third
|
|
Batting: RHB Jerry Escamilla
|
0-0: Ball 1-0: Ball 2-0: Ball 3-0: Base on Balls Alberto Figueroa to second
|
|
Batting: RHB Luis Ramos
|
0-0: Called Strike 0-1: Ball 1-1: Fielders Choice at 2nd, 3-6 (Groundball, 34, EV 105.6 MPH) Bubba Tierney scores Alberto Figueroa to third
|
|
Batting: RHB Isaiah Yarbrough
|
0-0: SINGLE (Groundball, 56S, EV 70.0 MPH) (infield hit) Alberto Figueroa scores Luis Ramos to second
|
|
Batting: RHB Matt Keef
|
0-0: Ball 1-0: Ball 2-0: Ball 3-0: Called Strike 3-1: SINGLE (Groundball, 6MD, EV 103.8 MPH) Luis Ramos to third Isaiah Yarbrough to second Runner from 3rd tries for Home, SAFE, throw by CF to home
|
|
Batting: RHB Slamet Pamungkas
|
0-0: Called Strike 0-1: Ground out U3 (Groundball, 23, EV 89.4 MPH)
|
| Bottom of the 1st over - 4 runs, 4 hits, 1 error, 2 left on base; Lehigh Valley 0 - Indianapolis 4 |
| TOP OF THE 2ND |
|
Lehigh Valley IronPigs batting - Pitching for Indianapolis Indians : RHP Curt Campbell
|
|
Batting: RHB Mark Schultz
|
0-0: Ball 1-0: Ball 2-0: Ball 3-0: Base on Balls
|
|
Batting: RHB Victor Arroyo
|
0-0: Ball 1-0: Ball 2-0: Ball 3-0: Called Strike 3-1: SINGLE (Groundball, 34D, EV 96.2 MPH) Mark Schultz to second Runner from 2nd tries for 3rd, SAFE, throw by RF made to third
|
|
Batting: SHB Marco de Leon
|
0-0: Ball 1-0: Called Strike 1-1: Foul Ball, location: 2F 1-2: Foul Ball, location: 2F 1-2: Ball 2-2: Foul Ball, location: 2F 2-2: Strikes out swinging
|
|
Batting: RHB Kyle Reilly
|
0-0: Called Strike 0-1: Ball 1-1: Ball 2-1: Swinging Strike 2-2: Foul Ball, location: 2F 2-2: Ball 3-2: Fly out, F3 (Line Drive, 3L, EV 66.2 MPH) Lined into DP, U3 (Line Drive, 3L, EV 71.2 MPH)
|
| Top of the 2nd over - 0 runs, 1 hit, 0 errors, 1 left on base; Lehigh Valley 0 - Indianapolis 4 |
| BOTTOM OF THE 2ND |
|
Indianapolis Indians batting - Pitching for Lehigh Valley IronPigs : RHP Marcos Tapia
|
|
Batting: RHB Jason Gee
|
0-0: Ball 1-0: Swinging Strike 1-1: Ball 2-1: SINGLE (Groundball, 6MD, EV 95.6 MPH)
|
|
Batting: RHB Bubba Tierney
|
0-0: Ball 1-0: Foul Ball, location: 2F 1-1: Foul Ball, location: 2F 1-2: Strikes out swinging
|
|
Batting: LHB Edwin Aguilar
|
0-0: Fielders Choice at 2nd, 1-6 (Groundball, P, EV 70.6 MPH)
|
|
Batting: LHB Alberto Figueroa
|
0-0: Fly out, F9 (Flyball, 89D, EV 101.9 MPH)
|
| Bottom of the 2nd over - 0 runs, 1 hit, 0 errors, 1 left on base; Lehigh Valley 0 - Indianapolis 4 |
| TOP OF THE 3RD |
|
Lehigh Valley IronPigs batting - Pitching for Indianapolis Indians : RHP Curt Campbell
|
|
Batting: SHB Benjamin Brown
|
0-0: Foul Ball, location: 2F 0-1: Ball 1-1: SINGLE (Line Drive, 6M, EV 102.5 MPH)
|
|
Batting: RHB Moritake Fukumoto
|
0-0: Ball Benjamin Brown steals 2nd base (no throw) 1-0: Ball 2-0: Ball 3-0: Called Strike 3-1: Fly out, F7 (Flyball, 7, EV 94.4 MPH)
|
|
Batting: LHB Theodore Conboy
|
0-0: Ball 1-0: Called Strike 1-1: Called Strike 1-2: Strikes out swinging
|
|
Batting: RHB Alberto Ramirez
|
0-0: Ball 1-0: Called Strike 1-1: Swinging Strike 1-2: Ball 2-2: Foul Ball, location: 2F 2-2: Fly out, F8 (Flyball, 78M, EV 78.8 MPH)
|
| Top of the 3rd over - 0 runs, 1 hit, 0 errors, 1 left on base; Lehigh Valley 0 - Indianapolis 4 |
| BOTTOM OF THE 3RD |
|
Indianapolis Indians batting - Pitching for Lehigh Valley IronPigs : RHP Marcos Tapia
|
|
Batting: RHB Jerry Escamilla
|
0-0: Called Strike 0-1: Foul Ball, location: 2F 0-2: Foul Ball, location: 2F 0-2: Foul Ball, location: 2F 0-2: Foul Ball, location: 2F 0-2: Foul Ball, location: 2F 0-2: Foul Ball, location: 2F 0-2: Ball 1-2: Ball 2-2: Fly out, F4 (Popup, 34, EV 78.1 MPH)
|
|
Batting: RHB Luis Ramos
|
0-0: Swinging Strike 0-1: SINGLE (Groundball, 6MD, EV 95.6 MPH)
|
|
Batting: RHB Isaiah Yarbrough
|
Pickoff Throw to First - Out! 1-3 CS 0-0: Called Strike 0-1: Ball 1-1: Fly out, F8 (Line Drive, 8RM, EV 94.4 MPH)
|
| Bottom of the 3rd over - 0 runs, 1 hit, 0 errors, 0 left on base; Lehigh Valley 0 - Indianapolis 4 |
| TOP OF THE 4TH |
|
Lehigh Valley IronPigs batting - Pitching for Indianapolis Indians : RHP Curt Campbell
|
|
Batting: RHB Carlos Morejon
|
0-0: Swinging Strike 0-1: Foul Ball, location: 2F 0-2: Ground out 5-3 (Groundball, 56, EV 81.2 MPH)
|
|
Batting: RHB Mark Schultz
|
0-0: Ball 1-0: Foul Ball, location: 2F 1-1: Ball 2-1: Foul Ball, location: 2F 2-2: Foul Ball, location: 2F 2-2: Ball 3-2: Base on Balls
|
|
Batting: RHB Victor Arroyo
|
0-0: Ball 1-0: Fly out, F8 (Flyball, 8RM, EV 84.4 MPH)
|
|
Batting: SHB Marco de Leon
|
0-0: Called Strike 0-1: Ball 1-1: Swinging Strike 1-2: Ground out 4-3 (Groundball, 34D, EV 85.6 MPH)
|
| Top of the 4th over - 0 runs, 0 hits, 0 errors, 1 left on base; Lehigh Valley 0 - Indianapolis 4 |
| BOTTOM OF THE 4TH |
|
Indianapolis Indians batting - Pitching for Lehigh Valley IronPigs : RHP Marcos Tapia
|
|
Batting: RHB Matt Keef
|
0-0: Called Strike 0-1: Ball 1-1: Ball 2-1: Foul Ball, location: 2F 2-2: Ball 3-2: Base on Balls
|
|
Batting: RHB Slamet Pamungkas
|
0-0: DOUBLE (Line Drive, 9LS, EV 98.8 MPH) Matt Keef to third Runner from 3rd tries for Home, SAFE, throw by RF to home
|
|
Pitching: RHP Yuichi Nozawa
|
|
|
Batting: RHB Jason Gee
|
0-0: Foul Ball, location: 2F 0-1: Ball 1-1: Ball 2-1: Swinging Strike 2-2: Foul Ball, location: 2F 2-2: Ball 3-2: Foul Ball, location: 2F 3-2: Strikes out swinging
|
|
Batting: RHB Bubba Tierney
|
0-0: Ball 1-0: Ball 2-0: Ball 3-0: Called Strike 3-1: SINGLE (Line Drive, 9S, EV 90.0 MPH) Slamet Pamungkas to third Runner from 3rd tries for Home, SAFE, throw by RF to home
|
|
Batting: LHB Edwin Aguilar
|
0-0: Fly out, F7 (Flyball, 7, EV 85.6 MPH)
|
|
Batting: LHB Alberto Figueroa
|
0-0: Called Strike Bubba Tierney steals 2nd base (no throw) 0-1: Ball 1-1: SINGLE (Groundball, 6D, EV 103.1 MPH) Bubba Tierney to third Runner from 3rd tries for Home, SAFE, throw by LF to home
|
|
Batting: RHB Jerry Escamilla
|
0-0: Called Strike 0-1: Ball 1-1: Fly out, F7 (Flyball, 7, EV 89.4 MPH)
|
| Bottom of the 4th over - 3 runs, 3 hits, 0 errors, 1 left on base; Lehigh Valley 0 - Indianapolis 7 |
| TOP OF THE 5TH |
|
Lehigh Valley IronPigs batting - Pitching for Indianapolis Indians : RHP Curt Campbell
|
|
Batting: RHB Kyle Reilly
|
0-0: Called Strike 0-1: Ball 1-1: Ball 2-1: Foul Ball, location: 2F 2-2: Strikes out swinging
|
|
Batting: SHB Benjamin Brown
|
0-0: Ball 1-0: Swinging Strike 1-1: Swinging Strike 1-2: Ball 2-2: Strikes out swinging
|
|
Batting: RHB Moritake Fukumoto
|
0-0: Called Strike 0-1: Ball 1-1: Fly out, F7 (Flyball, 7, EV 87.5 MPH)
|
| Top of the 5th over - 0 runs, 0 hits, 0 errors, 0 left on base; Lehigh Valley 0 - Indianapolis 7 |
| BOTTOM OF THE 5TH |
|
Indianapolis Indians batting - Pitching for Lehigh Valley IronPigs : RHP Yuichi Nozawa
|
|
Batting: RHB Luis Ramos
|
0-0: Ball 1-0: Ball 2-0: Ground out 5-3 (Groundball, 56S, EV 75.6 MPH)
|
|
Batting: RHB Isaiah Yarbrough
|
0-0: Ball 1-0: Ground out 5-3 (Groundball, 56S, EV 84.4 MPH)
|
|
Batting: RHB Matt Keef
|
0-0: Ball 1-0: Called Strike 1-1: Ball 2-1: Swinging Strike 2-2: Ball 3-2: Base on Balls
|
|
Batting: RHB Slamet Pamungkas
|
0-0: Ball 1-0: Ground out 6-3 (Groundball, 6S, EV 91.9 MPH)
|
| Bottom of the 5th over - 0 runs, 0 hits, 0 errors, 1 left on base; Lehigh Valley 0 - Indianapolis 7 |
| TOP OF THE 6TH |
|
Lehigh Valley IronPigs batting - Pitching for Indianapolis Indians : RHP Curt Campbell
|
|
Batting: LHB Theodore Conboy
|
0-0: Swinging Strike 0-1: Ball 1-1: Ball 2-1: Swinging Strike 2-2: Ball 3-2: Foul Ball, location: 2F 3-2: Base on Balls
|
|
Batting: RHB Alberto Ramirez
|
0-0: Ball 1-0: Foul Ball, location: 2F 1-1: Called Strike 1-2: Strikes out swinging
|
|
Batting: RHB Carlos Morejon
|
0-0: Called Strike Theodore Conboy steals 2nd base (no throw) 0-1: SINGLE (Line Drive, 4MD, EV 101.9 MPH) Theodore Conboy to third Runner from 3rd tries for Home, SAFE, throw by CF to home
|
|
Batting: RHB Mark Schultz
|
0-0: Ball 1-0: Called Strike 1-1: Ball 2-1: Swinging Strike 2-2: Foul Ball, location: 2F 2-2: Foul Ball, location: 2F 2-2: Foul Ball, location: 2F 2-2: Ball 3-2: Base on Balls Carlos Morejon to second
|
|
Pitching: RHP Mitch Ingerson
|
|
|
Batting: RHB Victor Arroyo
|
0-0: Called Strike 0-1: Ball 1-1: Swinging Strike 1-2: Strikes out swinging
|
|
Batting: SHB Marco de Leon
|
0-0: Called Strike 0-1: Ball 1-1: Ball 2-1: Swinging Strike 2-2: Foul Ball, location: 2F 2-2: Strikes out swinging
|
| Top of the 6th over - 1 run, 1 hit, 0 errors, 2 left on base; Lehigh Valley 1 - Indianapolis 7 |
| BOTTOM OF THE 6TH |
|
Indianapolis Indians batting - Pitching for Lehigh Valley IronPigs : RHP Yuichi Nozawa
|
|
Batting: RHB Jason Gee
|
0-0: Ball 1-0: Called Strike 1-1: Fly out, F7 (Flyball, 7, EV 90.0 MPH)
|
|
Batting: RHB Bubba Tierney
|
0-0: Swinging Strike 0-1: Ball 1-1: Called Strike 1-2: Strikes out looking
|
|
Batting: LHB Edwin Aguilar
|
0-0: Called Strike 0-1: Ball 1-1: Foul Ball, location: 2F 1-2: Reached on error, E4 (Groundball, 4, EV 75.6 MPH)
|
|
Batting: LHB Alberto Figueroa
|
0-0: Foul Ball, location: 2F 0-1: Swinging Strike 0-2: Ball 1-2: Ball 2-2: Ground out U3 (Groundball, 3, EV 106.9 MPH)
|
| Bottom of the 6th over - 0 runs, 0 hits, 1 error, 1 left on base; Lehigh Valley 1 - Indianapolis 7 |
| TOP OF THE 7TH |
|
Lehigh Valley IronPigs batting - Pitching for Indianapolis Indians : RHP Mitch Ingerson
|
|
Batting: RHB Kyle Reilly
|
0-0: Swinging Strike 0-1: Ground out 6-3 (Groundball, 6S, EV 68.1 MPH)
|
|
Batting: SHB Benjamin Brown
|
0-0: Ball 1-0: Ball 2-0: Swinging Strike 2-1: Fly out, F1 (Line Drive, P, EV 70.0 MPH)
|
|
Batting: RHB Moritake Fukumoto
|
0-0: Called Strike 0-1: Ball 1-1: SINGLE (Groundball, 56D, EV 105.6 MPH)
|
|
Batting: LHB Theodore Conboy
|
0-0: Ball 1-0: Foul Ball, location: 2F 1-1: Ball 2-1: Ball 3-1: Foul Ball, location: 2F 3-2: SINGLE (Line Drive, 8RS, EV 97.5 MPH) Moritake Fukumoto to second Moritake Fukumoto to third
|
|
Batting: RHB Alberto Ramirez
|
0-0: Ball 1-0: Ball 2-0: Ball 3-0: Fly out, F7 (Line Drive, 78S, EV 95.6 MPH)
|
| Top of the 7th over - 0 runs, 2 hits, 0 errors, 2 left on base; Lehigh Valley 1 - Indianapolis 7 |
| BOTTOM OF THE 7TH |
|
Indianapolis Indians batting - Pitching for Lehigh Valley IronPigs : RHP Yuichi Nozawa
|
|
Batting: RHB Jerry Escamilla
|
0-0: Ball 1-0: DOUBLE (Line Drive, 9LM, EV 105.0 MPH)
|
|
Pitching: RHP Manny Cordova
|
|
|
Batting: RHB Luis Ramos
|
0-0: Ball 1-0: Foul Ball, location: 2F 1-1: Ball 2-1: SINGLE (Groundball, 56, EV 107.5 MPH) (infield hit) Jerry Escamilla to third
|
|
Batting: RHB Isaiah Yarbrough
|
0-0: Grounds into double play, 6-4-3 (Groundball, 6, EV 106.9 MPH) Jerry Escamilla scores
|
|
Batting: RHB Matt Keef
|
0-0: Called Strike 0-1: Ball 1-1: Ground out 5-3 (Groundball, 56, EV 83.8 MPH)
|
| Bottom of the 7th over - 1 run, 2 hits, 0 errors, 0 left on base; Lehigh Valley 1 - Indianapolis 8 |
| TOP OF THE 8TH |
|
Lehigh Valley IronPigs batting - Pitching for Indianapolis Indians : RHP Mitch Ingerson
|
|
Batting: RHB Carlos Morejon
|
0-0: Ball 1-0: Swinging Strike 1-1: Foul Ball, location: 2F 1-2: Foul Ball, location: 2F 1-2: Ball 2-2: Foul Ball, location: 2F 2-2: Foul Ball, location: 2F 2-2: Ball 3-2: Base on Balls
|
|
Batting: RHB Mark Schultz
|
0-0: Swinging Strike 0-1: Ball 1-1: Ball 2-1: Ball 3-1: Foul Ball, location: 2F 3-2: Base on Balls Carlos Morejon to second
|
|
Batting: RHB Victor Arroyo
|
0-0: Called Strike 0-1: Foul Ball, location: 2F 0-2: Ball 1-2: Foul Ball, location: 2F 1-2: Grounds into double play, 6-4-3 (Groundball, 6, EV 90.6 MPH) Carlos Morejon to third
|
|
Batting: SHB Marco de Leon
|
0-0: Ball 1-0: Ball 2-0: Ball 3-0: Called Strike 3-1: Ground out 6-3 (Groundball, 6, EV 80.0 MPH)
|
| Top of the 8th over - 0 runs, 0 hits, 0 errors, 1 left on base; Lehigh Valley 1 - Indianapolis 8 |
| BOTTOM OF THE 8TH |
|
Indianapolis Indians batting - Pitching for Lehigh Valley IronPigs : RHP Manny Cordova
|
|
Batting: RHB Slamet Pamungkas
|
0-0: Foul Ball, location: 2F 0-1: Swinging Strike 0-2: Ground out 3-1 (Groundball, 34S, EV 75.0 MPH)
|
|
Batting: RHB Jason Gee
|
0-0: Called Strike 0-1: Swinging Strike 0-2: SINGLE (Flyball, 7LS, EV 86.9 MPH)
|
|
Batting: RHB Bubba Tierney
|
0-0: Called Strike 0-1: Foul Ball, location: 2F 0-2: Strikes out swinging
|
|
Batting: LHB Edwin Aguilar
|
0-0: Called Strike 0-1: SINGLE (Groundball, 4MD, EV 97.5 MPH) Jason Gee to second
|
|
Batting: LHB Alberto Figueroa
|
0-0: Called Strike 0-1: Ball 1-1: Ground out 4-3 (Groundball, 4, EV 100.0 MPH)
|
| Bottom of the 8th over - 0 runs, 2 hits, 0 errors, 2 left on base; Lehigh Valley 1 - Indianapolis 8 |
| TOP OF THE 9TH |
|
Lehigh Valley IronPigs batting - Pitching for Indianapolis Indians : RHP Mitch Ingerson
|
|
Batting: RHB Kyle Reilly
|
0-0: Fly out, F7 (Flyball, 7LM, EV 96.2 MPH)
|
|
Batting: SHB Benjamin Brown
|
0-0: Ground out 4-3 (Groundball, 4, EV 96.9 MPH)
|
|
Batting: RHB Moritake Fukumoto
|
0-0: Called Strike 0-1: Ball 1-1: Ball 2-1: Foul Ball, location: 2F 2-2: Foul Ball, location: 2F 2-2: Ball 3-2: Foul Ball, location: 2F 3-2: Fly out, F8 (Flyball, 8LXD, EV 111.9 MPH)
|
| Top of the 9th over - 0 runs, 0 hits, 0 errors, 0 left on base; Lehigh Valley 1 - Indianapolis 8 |
|